 Dungeon Crawl Stone Soup version 0.28-a0-1130-gc51a68064b (webtiles) character file.

Game seed: 10696546795324122195

139 Redcow54321 the Covert (level 5, -2/43 (47) HPs)
             Began as a Gnoll Delver on Dec 13, 2021.
             Slain by a wight (12 damage)
             ... on level 7 of the Dungeon.
             The game lasted 00:02:47 (1012 turns).

Redcow54321 the Covert (Gnoll Delver)               Turns: 1012, Time: 00:02:47

HP:   -2/43 (47)    AC:  3    Str: 13    XL:     5   Next: 22%
MP:   7/7           EV: 13    Int:  9    God:
Gold: 97            SH:  0    Dex: 14    Spells: 6/6 levels left

rFire   . . .      SeeInvis .   a - +0 falchion
rCold   . . .      Faith    .   (no shield)
rNeg    . . .      Spirit   .   b - +0 leather armour
rPois   .          Reflect  .   (no helmet)
rElec   .          Harm     .   (no cloak)
rCorr   .          Rampage  .   (no gloves)
Will    .....                   (no boots)
Stlth   ++++......              (no amulet)
HPRegen 0.14/turn               (no ring)
MPRegen 0.10/turn               (no ring)

@: drained
A: fangs 1, strong nose, distributed training
a: no special abilities


You were on level 7 of the Dungeon.
You visited 1 branch of the dungeon, and saw 3 of its levels.

You collected 97 gold pieces.

Inventory:

Hand Weapons
 a - a +0 falchion (weapon)
Armour
 b - a +0 leather armour (worn)
Wands
 g - a wand of digging (3)
Scrolls
 c - a scroll of fog
 d - a scroll of magic mapping
 e - a scroll of fear
 h - a scroll of holy word {unknown}
 j - a scroll of identify {unknown}
Potions
 f - a potion of haste
 i - a potion of curing {unknown}


   Skills:
 + Level 6.6 Fighting
 + Level 1.4 Short Blades
 + Level 4.7 Long Blades
 + Level 1.4 Axes
 + Level 1.4 Maces & Flails
 + Level 1.4 Polearms
 + Level 1.4 Staves
 + Level 1.4 Slings
 + Level 1.4 Bows
 + Level 1.4 Crossbows
 + Level 1.4 Throwing
 + Level 1.4 Armour
 + Level 4.7 Dodging
 + Level 9.6 Stealth
 + Level 1.4 Shields
 + Level 1.4 Unarmed Combat
 + Level 1.4 Spellcasting
 + Level 1.1 Conjurations
 + Level 1.1 Hexes
 + Level 1.1 Summonings
 + Level 1.1 Necromancy
 + Level 1.1 Translocations
 + Level 1.1 Transmutations
 + Level 1.1 Fire Magic
 + Level 1.1 Ice Magic
 + Level 1.1 Air Magic
 + Level 1.1 Earth Magic
 + Level 1.1 Poison Magic
 + Level 1.5 Invocations
 + Level 1.4 Evocations


You had 6 spell levels left.
You didn't know any spells.
Your spell library contained the following spells:

 Spells                   Type           Power      Damage    Failure   Level
 Airstrike                Air            1%         N/A       96%         4
 Summon Lightning Spire   Summ/Air       2%         N/A       96%         4
 Lightning Bolt           Conj/Air       1%         1d12      100%        5


Dungeon Overview and Level Annotations

Branches:
Dungeon (7/15)
 Temple: D:4-7

Altars:
Kikubaaqudgha

Annotations:
D:7 exclusion: ice statue


Innate Abilities, Weirdness & Mutations

You have very sharp teeth.
Your uncanny sense of smell can sniff out nearby items.
Your experience applies equally to all skills.


Message History

You hit the centaur skeleton.
You destroy the centaur skeleton!
You have reached level 5!
You see here a +0 club.
Found an escape hatch in the floor. 2 wights come into view.
A wight is wielding a +3 morningstar of freezing.
Found a stone staircase leading down.
The wight hits you with a +3 morningstar of freezing!
You feel drained. The wight freezes you.
You hit the wight.
The wight is lightly damaged.
The wight barely misses you.
You hit the wight but do no damage.
The wight is lightly damaged.
The wight misses you.
You hit the wight but do no damage. You bite the wight, but do no damage.
The wight is lightly damaged.
The wight hits you with a +3 morningstar of freezing!
* * * LOW HITPOINT WARNING * * *
You feel drained.
* * * LOW HITPOINT WARNING * * *
The wight freezes you.
* * * LOW HITPOINT WARNING * * *
There is an escape hatch in the floor here.
The wight barely misses you.
You see here a +0 club.
There is a stone staircase leading up here.
A water moccasin comes into view.
The wight closely misses you.
There is an escape hatch in the floor here.
You see here a +0 club.
There is a stone staircase leading up here.
The wight hits you with a +3 morningstar of freezing.
* * * LOW HITPOINT WARNING * * *
The wight freezes you.
* * * LOW HITPOINT WARNING * * *
A wight comes into view. It is wielding a +1 dagger.
The wight hits you from afar with a +0 trident!
You die...

#.##.###########
#.##.......z...#
#.##.#########.#
#........# #.#
######.##z##### #.#
#......>..# #.#
#.####.##.# #.#
#.####.##.# #.#
#.#...@.#.# #.#
.#.#.##z.#.## #.#
S........z..# #.#
.>...###.#.## #z#
...........#### #.#
###...........######.#
.........<....).....#
##########.##########
########.#


You could see 2 wights.

Vanquished Creatures
  A centaur zombie (D:6)
  A bullfrog zombie (D:6)
  A centaur skeleton (D:7)
  An iguana (D:6)
  A howler monkey zombie (D:7)
  An ufetubus (D:6)
6 creatures vanquished.

Notes
Turn   | Place    | Note
-------+----------+-------------------------------------------
     0 | D:5      | Reached skill level 9 in Stealth
     0 | D:5      | Redcow54321 the Gnoll Delver began the quest for the Orb.
     0 | D:5      | Reached XP level 1. HP: 23/23 MP: 1/1
    66 | D:6      | Reached XP level 2. HP: 19/29 MP: 1/3
    66 | D:6      | Reached XP level 3. HP: 23/35 MP: 1/4
   216 | D:6      | HP: 1/35 [iguana (10)]
   221 | D:6      | Reached skill level 1 in Short Blades
   221 | D:6      | Reached skill level 1 in Axes
   221 | D:6      | Reached skill level 1 in Maces & Flails
   221 | D:6      | Reached skill level 1 in Polearms
   221 | D:6      | Reached skill level 1 in Staves
   221 | D:6      | Reached skill level 1 in Slings
   221 | D:6      | Reached skill level 1 in Bows
   221 | D:6      | Reached skill level 1 in Crossbows
   221 | D:6      | Reached skill level 1 in Throwing
   221 | D:6      | Reached skill level 1 in Armour
   221 | D:6      | Reached skill level 1 in Shields
   221 | D:6      | Reached skill level 1 in Unarmed Combat
   221 | D:6      | Reached skill level 1 in Spellcasting
   221 | D:6      | Reached skill level 1 in Invocations
   221 | D:6      | Reached skill level 1 in Evocations
   221 | D:6      | Reached XP level 4. HP: 2/41 MP: 5/5
   579 | D:6      | Reached skill level 1 in Conjurations
   579 | D:6      | Reached skill level 1 in Hexes
   579 | D:6      | Reached skill level 1 in Summonings
   579 | D:6      | Reached skill level 1 in Necromancy
   579 | D:6      | Reached skill level 1 in Translocations
   579 | D:6      | Reached skill level 1 in Transmutations
   579 | D:6      | Reached skill level 1 in Fire Magic
   579 | D:6      | Reached skill level 1 in Ice Magic
   579 | D:6      | Reached skill level 1 in Air Magic
   579 | D:6      | Reached skill level 1 in Earth Magic
   579 | D:6      | Reached skill level 1 in Poison Magic
   728 | D:6      | Found an ancient bone altar of Kikubaaqudgha.
   800 | D:6      | Noticed a phantom
   852 | D:7      | Noticed an ice statue
   864 | D:7      | Reached XP level 5. HP: 40/47 MP: 5/7
   967 | D:7      | Noticed a water moccasin
  1012 | D:7      | Slain by a wight

Illustrated notes

Levels and vault maps discovered:
D:5:      layout_rooms, mainiacjoe_overflow_small_starburst,
          kennysheep_generic_room_13
D:6:      layout_basic, mainiacjoe_overflow_alcove_2,
          minmay_temple_entry_junction, serial_corexii_hall,
          corexii_hall_statues_l, chequers_hall_statues_wall_a,
          chequers_hall_statues_wall_a
D:7:      lemuel_ice_statue, layout_basic, kennysheep_mini_moat,
          okawaru_altar_gauntlet_db, uniq_harold

Skill      XL: |  1  2  3  4 |
---------------+-------------+-----
Stealth        | |  9.6
Short Blades   | 1 |  1.4
Axes           | 1 |  1.4
Maces & Flails | 1 |  1.4
Polearms       | 1 |  1.4
Staves         | 1 |  1.4
Slings         | 1 |  1.4
Bows           | 1 |  1.4
Crossbows      | 1 |  1.4
Throwing       | 1 |  1.4
Armour         | 1 |  1.4
Shields        | 1 |  1.4
Unarmed Combat | 1 |  1.4
Spellcasting   | 1 |  1.4
Invocations    | 1 |  1.5
Evocations     | 1 |  1.4
Conjurations   | 1 |  1.1
Hexes          | 1 |  1.1
Summonings     | 1 |  1.1
Necromancy     | 1 |  1.1
Translocations | 1 |  1.1
Transmutations | 1 |  1.1
Fire Magic     | 1 |  1.1
Ice Magic      | 1 |  1.1
Air Magic      | 1 |  1.1
Earth Magic    | 1 |  1.1
Poison Magic   | 1 |  1.1
Fighting       | |  6.6
Long Blades    | |  4.7
Dodging        | |  4.7

Action                   |  1- 3 |  4- 6 || total
-------------------------+-------+-------++-------
Melee: Falchion          |    20 |    35 ||    55
       Bite              |     3 |     5 ||     8
 Stab: Sleeping          |       |     1 ||     1
Armor: Leather armour    |    14 |     9 ||    23
Dodge: Dodged            |    13 |    41 ||    54

Table legend: (Time is in decaauts)
 A = Elapsed time spent in this place.
 B = Non-inter-level travel time spent in this place.
 C = Inter-level travel time spent in this place.
 D = Time resting spent in this place.
 E = Time spent auto-exploring this place.
 F = Levels seen in this place.
 G = Mean time per level.
                   A        B        C        D        E       F      G
               +--------+--------+--------+--------+--------+-----+--------+
         Total |   1015 |    975 |     40 |    495 |    157 |   3 |  338.3 |
       Dungeon |   1015 |    975 |     40 |    495 |    157 |   3 |  338.3 |
               +--------+--------+--------+--------+--------+-----+--------+

Top non-repeatable levels by time:
     D:6: 797 daAuts
     D:7: 176 daAuts
     D:5: 42 daAuts
